 Dungeon Crawl Stone Soup version 0.25.1-8-g42b30a86e7 (webtiles) character file.

Game seed: 13121390820730495717

2906 hawla the Destroyer (level 9, 0/62 HPs)
             Began as a Yellow Draconian Conjurer on Dec 18, 2020.
             Slain by a gnoll sergeant
             ... wielding a +0 halberd
              (6 damage)
             ... in a bailey.
             The game lasted 00:22:46 (8563 turns).

hawla the Destroyer (Yellow Draconian Conjurer)     Turns: 8563, Time: 00:22:46

Health: 0/62       AC: 14    Str: 10    XL:     9   Next: 49%
Magic:  0/20       EV: 12    Int: 20    God:
Gold:   254        SH:  0    Dex: 11    Spells: 7/23 levels left

rFire    . . .     SeeInvis .   f - +0 spear
rCold    . . .     Gourm    .   (no shield)
rNeg     + . .     Faith    .   (armour unavailable)
rPois    .         Spirit   .   (helmet restricted)
rElec    .         Reflect  .   (no cloak)
rCorr    +         Harm     .   w - +1 pair of gloves
MR       .....                  c - +0 pair of boots
Stlth    +.........             (no amulet)
HPRegen  0.20/turn              u - +4 ring of protection
MPRegen  0.17/turn              k - ring of positive energy

@: very slightly contaminated, glowing, invisible (but backlit and visible)
A: spit acid, unfitting armour, cold-blooded, acid resistance, AC +7
a: Breathe Acid


You were in a bailey.
You were not hungry.

You visited 1 branch of the dungeon, and saw 7 of its levels.
You also visited: Bailey.

You collected 254 gold pieces.

Inventory:

Hand Weapons
 f - a +0 spear (weapon)
Missiles
 p - 3 boomerangs (quivered)
Armour
 c - a +0 pair of boots (worn)
 w - a +1 pair of gloves (worn)
Magical Staves
 y - an uncursed staff of fire
Jewellery
 k - a ring of positive energy (right hand)
 u - a +4 ring of protection (left hand)
 x - an uncursed ring of positive energy
Wands
 m - a wand of enslavement (5)
 n - a wand of acid (8)
Scrolls
 a - a scroll of amnesia
 e - 6 scrolls of remove curse
 h - 2 scrolls of enchant weapon
 i - 4 scrolls of teleportation
 q - 3 scrolls of magic mapping
 r - a scroll of fear
 t - a scroll of enchant armour {unknown}
 z - 2 scrolls of identify
Potions
 d - a potion of brilliance
 g - a potion of ambrosia
 j - a potion of invisibility
Comestibles
 b - 11 rations
 s - 6 chunks of flesh


   Skills:
 - Level 1.7 Dodging
 - Level 1.7 Stealth
 + Level 7.8 Spellcasting
 - Level 8.0 Conjurations
 - Level 3.0 Hexes
 - Level 4.0 Translocations
 + Level 5.0 Ice Magic
 + Level 0.5 Air Magic


You had 7 spell levels left.
You knew the following spells:

 Your Spells              Type           Power        Failure   Level  Hunger
a - Magic Dart            Conj           ####         1%          1    None
b - Searing Ray           Conj           #####.       1%          2    None
c - Iskenderun's Mystic   Conj/Tloc      ####....     8%          4    ###....
d - Metabolic Englaciati  Hex/Ice        ###.......   41%         5    #####..
e - Airstrike             Air            #.........   56%         4    ###....

Your spell library contained the following spells:

 Spells                   Type           Power        Failure   Level  Hunger
 Shock                    Conj/Air       ###.         1%          1    None
 Dazzling Flash           Conj/Hex       ####..       2%          3    None
 Gell's Gravitas          Tloc           ###.......   4%          3    None
 Static Discharge         Conj/Air       ###.....     4%          3    None
 Confusing Touch          Hex            ###.....     8%          3    None
 Fulminant Prism          Conj/Hex       ####......   9%          4    ###....
 Swiftness                Chrm/Air       #.......     12%         2    None
 Lightning Bolt           Conj/Air       ###.......   38%         5    #####..
 Petrify                  Tmut/Erth      #.......     65%         4    ###....
 Yara's Violent Unravell  Hex/Tmut       ##........   78%         5    #####..


Dungeon Overview and Level Annotations

Branches:
Dungeon (7/15)             Bailey (1/1)
 Temple: D:4-7

Altars:
Okawaru
Qazlal
Ru
Sif Muna
Uskayaw
Vehumet
Zin
The Shining One


Innate Abilities, Weirdness & Mutations

You can spit globs of acid.
Your golden yellow scales are hard. (AC +7)
You cannot fit into any form of body armour.
You are cold-blooded and may be slowed by cold attacks.
You are resistant to acid. (rCorr)


Message History

The searing ray hits the gnoll sergeant!
The gnoll sergeant is severely wounded.
The gnoll sergeant hits you but does no damage. x2
The searing ray hits the gnoll sergeant.
The gnoll sergeant is almost dead.
The searing ray hits the gnoll shaman.
The gnoll shaman is almost dead.
The gnoll sergeant hits you but does no damage.
The searing ray hits the gnoll sergeant but does no damage.
The gnoll sergeant is almost dead.
You finish channeling your searing ray.
The gnoll sergeant hits you but does no damage.
The gnoll shaman barely misses you.
You feel better.
The gnoll sergeant hits you from afar with a +0 halberd!
* * * LOW HITPOINT WARNING * * *
The gnoll shaman hits you from afar with a +0 halberd!
* * * LOW HITPOINT WARNING * * *
The gnoll sergeant hits you from afar with a +0 halberd.
You die...

#...# #≈♣ #...#
.≈♣
######'''######.≈♣
................≈♣
...............≈≈♣
≈≈≈≈≈≈..g≈≈≈≈≈≈≈♣
.......g.......♣
♣♣.....))....♣♣♣
♣♣♣♣..@....♣♣
♣♣.∩.♣♣♣♣ ♣♣.♣♣
♣.♣ ♣∩♣ ###


You could see a gnoll sergeant (fast) and a gnoll shaman.

Vanquished Creatures
  A slime creature (D:6)
  Sigmund (D:3)
  3 phantoms
  A sky beast (D:6)
  A necrophage (D:7)
  2 ogres
  2 centaurs (D:6)
  4 big kobolds (D:6)
  A bullfrog (D:6)
  A gnoll sergeant (Bailey)
  2 scorpions
  A howler monkey (D:5)
  2 crimson imps
  2 bullfrog zombies (D:6)
  A quasit (D:6)
  9 hounds
  3 jellies (D:6)
  A centaur zombie (D:7)
  A bullfrog skeleton (D:7)
  2 orc priests
  An orc wizard (D:6)
  Jessica (D:2)
  An iguana (D:5)
  Ijyb (D:5)
  Natasha (thrice) (D:2)
  4 worker ants
  A hound skeleton (D:4)
  A hound zombie (D:7)
  11 gnolls
  A worker ant zombie (D:5)
  5 adders
  2 shadow imps (D:6)
  5 oozes
  An adder zombie (D:5)
  3 leopard geckos
  9 orcs
  5 bats
  7 giant cockroaches
  5 hobgoblins
  4 jackals (D:2)
  7 kobolds
  6 quokkas
  8 frilled lizards
  A giant cockroach zombie (D:6)
  8 goblins
  A leopard gecko skeleton (D:4)
  A leopard gecko zombie (D:6)
  14 rats
158 creatures vanquished.

Vanquished Creatures (others)
  2 fungi (D:6)
  9 toadstools (D:6)
11 creatures vanquished.

Grand Total: 169 creatures vanquished

Notes
Turn   | Place    | Note
-------+----------+-------------------------------------------
     0 | D:1      | hawla the Draconian Conjurer began the quest for the Orb.
     0 | D:1      | Reached XP level 1. HP: 14/14 MP: 3/3
   336 | D:1      | Reached XP level 2. HP: 20/20 MP: 1/5
  1353 | D:2      | Learned a level 2 spell: Searing Ray
  1356 | D:2      | Noticed Jessica
  1359 | D:2      | Killed Jessica
  1359 | D:2      | Reached XP level 3. HP: 25/26 MP: 2/7
  1422 | D:2      | Noticed Natasha
  1428 | D:2      | Killed Natasha
  1428 | D:2      | Reached XP level 4. HP: 33/33 MP: 1/8
  1429 | D:2      | Noticed Natasha
  1491 | D:2      | Killed Natasha
  1491 | D:2      | Reached skill level 5 in Conjurations
  1775 | D:2      | Learned a level 4 spell: Iskenderun's Mystic Blast
  1940 | D:2      | Noticed Natasha
  1943 | D:2      | Killed Natasha
  2086 | D:2      | Reached XP level 5. HP: 38/38 MP: 5/10
  2330 | D:2      | Reached skill level 1 in Translocations
  2770 | D:3      | Found a stormy altar of Qazlal.
  2862 | D:3      | Noticed Sigmund
  2868 | D:3      | Killed Sigmund
  2868 | D:3      | Reached XP level 6. HP: 40/45 MP: 3/12
  3026 | D:3      | Found an iron altar of Okawaru.
  3241 | D:3      | Found a shimmering blue altar of Sif Muna.
  3754 | D:4      | Reached skill level 6 in Conjurations
  4076 | D:4      | Your scales start taking on a golden yellow colour.
  4076 | D:4      | Reached XP level 7. HP: 50/50 MP: 7/13
  4076 | D:4      | Gained mutation: You are resistant to acid. (rCorr) [Yellow
                  | Draconian growth]
  4083 | D:4      | Learned a level 5 spell: Metabolic Englaciation
  4767 | D:5      | Entered Level 5 of the Dungeon
  4780 | D:5      | Reached skill level 1 in Ice Magic
  4842 | D:5      | Noticed Ijyb
  4851 | D:5      | Killed Ijyb
  5137 | D:4      | Reached skill level 1 in Hexes
  5200 | D:5      | Reached skill level 5 in Spellcasting
  6155 | D:5      | Reached XP level 8. HP: 57/57 MP: 10/15
  6762 | D:6      | Found a radiant altar of Vehumet.
  6762 | D:6      | Found a glowing golden altar of the Shining One.
  6834 | D:6      | Reached skill level 7 in Conjurations
  7493 | D:6      | Reached XP level 9. HP: 61/62 MP: 8/18
  7807 | D:6      | Reached skill level 8 in Conjurations
  7902 | D:6      | Reached skill level 5 in Ice Magic
  7940 | D:6      | HP: 3/62 [orc warrior/+0 mace (16)]
  8303 | D:7      | Found a hide-covered altar of Uskayaw.
  8306 | D:7      | Found a sacrificial altar of Ru.
  8307 | D:7      | Found a glowing silver altar of Zin.
  8381 | D:7      | Found a flagged portal.
  8394 | D:7      | Learned a level 4 spell: Airstrike
  8407 | Bailey   | Entered a bailey
  8563 | Bailey   | Slain by a gnoll sergeant

Illustrated notes

Levels and vault maps discovered:
D:1:      dpeg_arrival_long_road, layout_basic, minmay_misc_feat_hallway
D:2:      layout_basic, first_ration, kennysheep_generic_room_12, uniq_jessica,
          uniq_natasha
D:3:      layout_basic, nicolae_overflow_hidden_temple,
          nicolae_qazlal_eye_of_the_storm, lemuel_coloured_pillars_altar,
          uniq_sigmund
D:4:      layout_cave_pods
D:5:      layout_basic, serial_rivers, chequers_serial_rivers_marsh,
          chequers_serial_rivers_room_b, chequers_serial_rivers_room_b,
          chequers_serial_rivers_small_b, uniq_ijyb
D:6:      cheibrodos_fertilizer, layout_basic, gammafunk_temple_overflow_pools,
          temple_hall, minivault_4, minmay_stone_trees_small
D:7:      layout_basic, grunt_temple_overflow_open, enter_bailey_3
Bailey:   bailey_polearm_gnolls_kennysheep, bailey

Skill      XL: |  1  2  3  4  5  6  7  8  9 |
---------------+----------------------------+-----
Spellcasting   | 3 4 5 6 7 |  7.8
Conjurations   | 5 6 7 8 |  8.0
Translocations | 2 3 4 |  4.0
Ice Magic      | 2 4 5 |  5.0
Hexes          | 1 3 |  3.0
Dodging        | |  1.7
Stealth        | |  1.7
Air Magic      | |  0.5

Action                   |  1- 3 |  4- 6 |  7- 9 || total
-------------------------+-------+-------+-------++-------
Melee: Unarmed           |    14 |       |       ||    14
       Glaive            |       |     5 |    79 ||    84
       Tailslap          |       |       |    10 ||    10
       Staff             |       |       |    37 ||    37
Throw: Boomerang         |       |       |    32 ||    32
 Cast: Magic Dart        |    45 |    82 |   109 ||   236
       Searing Ray       |     1 |    17 |    64 ||    82
       Iskenderun's Myst |       |       |     8 ||     8
  Use: Scroll            |       |     6 |    11 ||    17
       Potion            |       |       |     7 ||     7
  Eat: Chunk             |     2 |     8 |    13 ||    23
       Ration            |       |       |     1 ||     1
Armor: Skin              |     5 |     1 |   128 ||   134
Dodge: Dodged            |    12 |     9 |   127 ||   148
